 Dungeon Crawl Stone Soup version 0.21.1-1-g345015f (webtiles) character file.

711 letownia2 the Charmwright (level 7, -1/56 HPs)
             Began as a Gnoll Skald on Feb 26, 2018.
             Slain by a two-headed ogre
             ... wielding a +0 giant club
              (22 damage)
             ... on level 5 of the Dungeon.
             The game lasted 00:08:37 (1109 turns).

letownia2 the Charmwright (Gnoll Skald)             Turns: 1109, Time: 00:08:38

Health: -1/56      AC:  4    Str: 13    XL:     7   Next: 68%
Magic:  12/15      EV: 15    Int: 27    God:
Gold:   167        SH:  0    Dex: 15    Spells: 6/17 levels left

rFire    . . .     SeeInvis .   a - +3 trident of Due Proportion {drain, Int+5}
rCold    . . .     Gourm    .   (no shield)
rNeg     + + .     Faith    .   v - +0 leather armour
rPois    .         Spirit   .   j - +0 helmet
rElec    .         Reflect  .   (no cloak)
rCorr    .         Harm     .   (no gloves)
MR       +....                  (no boots)
Stlth    ++........             (no amulet)
HPRegen  0.18/turn              A - ring "Ebapibb" {rN++ MR+ Int+5}
MPRegen  0.14/turn              (no ring)

@: no status effects
A: distributed training, fangs 1, strong nose
a: no special abilities


You were on level 5 of the Dungeon.
You were very hungry.

You visited 1 branch of the dungeon, and saw 5 of its levels.

You collected 167 gold pieces.

Inventory:

Hand Weapons
 a - the +3 trident of Due Proportion (weapon) {drain, Int+5}
   (You found it on level 4 of the Dungeon)

   A truly terrible weapon, it drains the life of those it strikes.
   It affects your intelligence (+5).
 b - the +4 short sword of the Elven Halls {pain, rElec rF++ rC- Str-5}
   (You found it on level 4 of the Dungeon)

   In the hands of one skilled in necromantic magic, it inflicts extra damage on
   living creatures.
   It affects your strength (-5).
   It greatly protects you from fire.
   It makes you vulnerable to cold.
   It insulates you from electricity.
 d - a +2 hunting sling of flaming
 u - a +0 spear
Missiles
 h - 21 bolts
 i - 32 sling bullets
 r - 50 stones (quivered)
Armour
 j - a +0 helmet (worn)
 l - a +0 ring mail
 v - a +0 leather armour (worn)
Jewellery
 A - the ring "Ebapibb" (left hand) {rN++ MR+ Int+5}
   (You found it on level 4 of the Dungeon)

   [ring of intelligence]

   It affects your intelligence (+5).
   It greatly protects you from negative energy.
   It affects your resistance to hostile enchantments.
Scrolls
 e - 2 scrolls of identify
 k - a scroll of enchant weapon {unknown}
 o - 5 scrolls of remove curse {unknown}
 p - 3 scrolls of teleportation {unknown}
 t - a scroll of fear {unknown}
 y - a scroll of random uselessness {unknown}
Potions
 f - a potion of haste {unknown}
 g - 2 potions of berserk rage
 m - 2 potions of lignification
 n - a potion of curing
 s - a potion of mutation
 w - a potion of degeneration {unknown}
 x - a potion of flight {unknown}
 z - a potion of invisibility {unknown}
Books
 c - a book of Battle

   Spells                             Type                      Level
   a - Infusion                       Charms                       1
   b - Shroud of Golubria             Charms/Translocation         2
   c - Song of Slaying                Charms                       2
   d - Spectral Weapon                Hexes/Charms                 3
   e - Regeneration                   Charms/Necromancy            3
Comestibles
 q - 5 rations


   Skills:
 + Level 5.3 Fighting
 + Level 2.6 Short Blades
 + Level 2.6 Long Blades
 + Level 2.6 Axes
 + Level 2.6 Maces & Flails
 + Level 5.3 Polearms
 + Level 2.6 Staves
 + Level 2.6 Slings
 + Level 2.6 Bows
 + Level 2.6 Crossbows
 + Level 2.6 Throwing
 + Level 3.7 Armour
 + Level 5.3 Dodging
 + Level 2.6 Stealth
 + Level 2.6 Shields
 + Level 2.6 Unarmed Combat
 + Level 5.6 Spellcasting
 + Level 2.1 Conjurations
 + Level 2.1 Hexes
 + Level 5.9 Charms
 + Level 2.1 Summonings
 + Level 2.1 Necromancy
 + Level 2.1 Translocations
 + Level 2.1 Transmutations
 + Level 2.1 Fire Magic
 + Level 2.1 Ice Magic
 + Level 2.1 Air Magic
 + Level 2.1 Earth Magic
 + Level 2.1 Poison Magic
 + Level 2.9 Invocations
 + Level 2.6 Evocations


You had 6 spell levels left.
You knew the following spells:

 Your Spells              Type           Power        Failure   Level  Hunger
a - Infusion              Chrm           ####         1%          1    None
g - Regeneration          Chrm/Necr      ####......   4%          3    None
l - Song of Slaying       Chrm           #####...     1%          2    None
t - Shroud of Golubria    Chrm/Tloc      ####......   2%          2    None
x - Spectral Weapon       Hex/Chrm       ####....     4%          3    None


Dungeon Overview and Level Annotations

Branches:
Dungeon (5/15)
 Temple: D:4-7

Altars:


Innate Abilities, Weirdness & Mutations

Your experience applies equally to all skills.
You have very sharp teeth.
Your uncanny sense of smell can sniff out nearby items.


Message History

Unknown command.
Attack whom?
Press: ? - help, Dir - move target cursor, f/p - two-headed ogre
Aim: a two-headed ogre, wielding a giant club and a giant spiked club (heavily wounded)
You hit the two-headed ogre. You drain the two-headed ogre!
Your bite misses the two-headed ogre.
The two-headed ogre is severely wounded.
Your spectral weapon hits the two-headed ogre from afar.
Unknown command.
Unknown command.
Attack whom?
Press: ? - help, Dir - move target cursor, f/p - two-headed ogre
Aim: a two-headed ogre, wielding a giant club and a giant spiked club (severely wounded, lightly drained)
You hit the two-headed ogre.
The two-headed ogre is almost dead.
Your spectral weapon hits the two-headed ogre from afar.
Your spectral weapon drains the two-headed ogre!
The two-headed ogre closely misses you.
The two-headed ogre hits you with a giant spiked club!!
You die...

#.# #.#
#.###.###########
#................
#.###.##########.
##>...............
#...##.##########8
#...##.# #.
#...##.# ##
#@O.##+#
#.....(.(..
##(.....(.8
#.....P8..
#.....8..P
#.....8.8.
#####+####


You could see a two-headed ogre and a friendly spectral trident of Due
Proportion {drain, Int+5}.

Vanquished Creatures
  The ghost of KMICIC the Spear-Bearer, a novice MfBe of Trog (D:4)
  An ogre (D:4)
  The ghost of letownia2 the Charmwright, a weakling GnSk (D:3)
  A crimson imp (D:5)
  2 hounds (D:4)
  A bullfrog skeleton (D:5)
  A worker ant (D:4)
  A killer bee zombie (D:5)
  A hound skeleton (D:4)
  Robin (D:2)
  A howler monkey skeleton (D:5)
  3 adders
  3 worms
  A dart slug (D:4)
  3 leopard geckos
  9 orcs
  A giant cockroach (D:3)
  6 goblins
  8 hobgoblins
  6 jackals
  A quokka (D:2)
  3 ball pythons
  A bat (D:2)
  A kobold (D:2)
  A leopard gecko zombie (D:5)
  A rat (D:1)
60 creatures vanquished.

Vanquished Creatures (others)
  A spectral weapon (D:4)
1 creature vanquished.

Grand Total: 61 creatures vanquished

Notes
Turn   | Place    | Note
-------+----------+-------------------------------------------
     0 | D:1      | letownia2 the Gnoll Skald began the quest for the Orb.
     0 | D:1      | Reached XP level 1. HP: 20/20 MP: 6/6
    43 | D:1      | Reached XP level 2. HP: 26/26 MP: 2/7
   143 | D:2      | Learned a level 2 spell: Shroud of Golubria
   147 | D:2      | Learned a level 2 spell: Song of Slaying
   215 | D:2      | Reached skill level 5 in Spellcasting
   215 | D:2      | Reached XP level 3. HP: 20/31 MP: 0/9
   223 | D:2      | Noticed Robin
   257 | D:2      | Reached skill level 1 in Invocations
   265 | D:2      | Killed Robin
   267 | D:2      | Reached skill level 1 in Short Blades
   267 | D:2      | Reached skill level 1 in Long Blades
   267 | D:2      | Reached skill level 1 in Axes
   267 | D:2      | Reached skill level 1 in Maces & Flails
   267 | D:2      | Reached skill level 1 in Staves
   267 | D:2      | Reached skill level 1 in Slings
   267 | D:2      | Reached skill level 1 in Bows
   267 | D:2      | Reached skill level 1 in Crossbows
   267 | D:2      | Reached skill level 1 in Throwing
   267 | D:2      | Reached skill level 1 in Stealth
   267 | D:2      | Reached skill level 1 in Shields
   267 | D:2      | Reached skill level 1 in Unarmed Combat
   267 | D:2      | Reached skill level 1 in Evocations
   288 | D:2      | Reached XP level 4. HP: 15/38 MP: 0/11
   422 | D:3      | Noticed letownia2's ghost (weakling GnSk)
   442 | D:3      | Killed letownia2's ghost
   442 | D:3      | Reached skill level 1 in Conjurations
   442 | D:3      | Reached skill level 1 in Hexes
   442 | D:3      | Reached skill level 1 in Summonings
   442 | D:3      | Reached skill level 1 in Necromancy
   442 | D:3      | Reached skill level 1 in Translocations
   442 | D:3      | Reached skill level 1 in Transmutations
   442 | D:3      | Reached skill level 1 in Fire Magic
   442 | D:3      | Reached skill level 1 in Ice Magic
   442 | D:3      | Reached skill level 1 in Air Magic
   442 | D:3      | Reached skill level 1 in Earth Magic
   442 | D:3      | Reached skill level 1 in Poison Magic
   478 | D:3      | Reached XP level 5. HP: 32/43 MP: 10/12
   643 | D:4      | Noticed an ogre
   650 | D:4      | Killed an ogre
   650 | D:4      | Reached XP level 6. HP: 14/50 MP: 0/13
   676 | D:4      | Got a transparent trident
   677 | D:4      | Identified the +3 trident of Due Proportion {drain, Int+5} (You found it on level 4 of the Dungeon)
   706 | D:4      | Got a twisted short sword
   707 | D:4      | Identified the +4 short sword of the Elven Halls {pain, rElec rF++ rC- Str-5} (You found it on level 4 of the Dungeon)
   741 | D:4      | Reached skill level 5 in Fighting
   741 | D:4      | Reached skill level 5 in Polearms
   741 | D:4      | Reached skill level 5 in Dodging
   771 | D:4      | Learned a level 3 spell: Regeneration
   775 | D:4      | Learned a level 3 spell: Spectral Weapon
   839 | D:4      | Got a faintly glowing glass ring
   840 | D:4      | Identified the ring "Ebapibb" {rN++ MR+ Int+5} (You found it on level 4 of the Dungeon)
   876 | D:4      | Noticed KMICIC's ghost (novice MfBe)
   888 | D:4      | Killed KMICIC's ghost
   888 | D:4      | Reached XP level 7. HP: 29/56 MP: 4/15
   988 | D:5      | Entered Level 5 of the Dungeon
  1071 | D:5      | Noticed a two-headed ogre
  1109 | D:5      | Slain by a two-headed ogre

Skill      XL: |  1  2  3  4  5  6 |
---------------+-------------------+-----
Spellcasting   | 5 |  5.6
Invocations    | 1 2 |  2.9
Short Blades   | 1 2 |  2.6
Long Blades    | 1 2 |  2.6
Axes           | 1 2 |  2.6
Maces & Flails | 1 2 |  2.6
Staves         | 1 2 |  2.6
Slings         | 1 2 |  2.6
Bows           | 1 2 |  2.6
Crossbows      | 1 2 |  2.6
Throwing       | 1 2 |  2.6
Stealth        | 1 2 |  2.6
Shields        | 1 2 |  2.6
Unarmed Combat | 1 2 |  2.6
Evocations     | 1 2 |  2.6
Conjurations   | 1 2 |  2.1
Hexes          | 1 2 |  2.1
Summonings     | 1 2 |  2.1
Necromancy     | 1 2 |  2.1
Translocations | 1 2 |  2.1
Transmutations | 1 2 |  2.1
Fire Magic     | 1 2 |  2.1
Ice Magic      | 1 2 |  2.1
Air Magic      | 1 2 |  2.1
Earth Magic    | 1 2 |  2.1
Poison Magic   | 1 2 |  2.1
Armour         | 3 |  3.7
Fighting       | 5 |  5.3
Polearms       | 5 |  5.3
Dodging        | 5 |  5.3
Charms         | |  5.9

Action                   |  1- 3 |  4- 6 |  7- 9 || total
-------------------------+-------+-------+-------++-------
Melee: Spear             |    66 |    58 |       ||   124
       Bite              |     4 |     3 |     2 ||     9
       Punch             |       |     2 |       ||     2
       Trident           |       |    23 |    43 ||    66
 Fire: Hunting sling     |       |    16 |     4 ||    20
 Cast: Infusion          |     3 |     2 |       ||     5
       Shroud of Golubri |     4 |     8 |     1 ||    13
       Song of Slaying   |     2 |     3 |     1 ||     6
       Spectral Weapon   |       |     2 |     1 ||     3
       Regeneration      |       |     1 |       ||     1
  Use: Scroll            |       |       |     4 ||     4
 Stab: Sleeping          |       |     1 |       ||     1
Armor: Leather armour    |     8 |     9 |     8 ||    25
Dodge: Dodged            |    33 |    34 |    26 ||    93
